 Dungeon Crawl Stone Soup version 0.29.1-12-g30fa7ad0bf (webtiles) character file.

Game seed: 3201199390493557516

48 DildoBatman the Conjurer (level 4, 0/32 HPs)
             Began as a Formicid Conjurer on Dec 16, 2022.
             Slain by a goblin
             ... wielding a +0 club
              (1 damage)
             ... on level 3 of the Dungeon.
             The game lasted 00:02:39 (1139 turns).

DildoBatman the Conjurer (Formicid Conjurer)        Turns: 1139, Time: 00:02:39

Health: 0/32       AC:  3    Str: 12    XL:     4   Next: 0%
Magic:  8/8        EV: 12    Int: 19    God:
Gold:   79         SH:  0    Dex: 12    Spells: 5/8 levels left

rFire   . . .      SeeInvis +   a - +0 sling
rCold   . . .      Faith    .   (no shield)
rNeg    . . .      Spirit   .   h - +0 robe
rPois   .          Reflect  .   (helmet unavailable)
rElec   .          Harm     .   (no cloak)
rCorr   .          Rampage  .   d - +0 pair of gloves
Will    .....                   (no boots)
Stlth   ++........              (no amulet)
HPRegen 0.10/turn               (no ring)
MPRegen 0.11/turn               (no ring)

@: no status effects
A: permanent stasis, dig shafts and tunnels, antennae 3, four strong arms
a: Dig, Shaft Self


You were on level 3 of the Dungeon.
You visited 1 branch of the dungeon, and saw 3 of its levels.

You collected 79 gold pieces.

Inventory:

Hand Weapons
 a - a +0 sling (weapon)
 b - a +2 short sword of speed
Missiles
 c - 6 boomerangs
 i - 13 stones
 l - 3 poisoned darts
Armour
 d - a +0 pair of gloves (worn)
 h - a +0 robe (worn)
Magical Staves
 j - a staff of cold
Scrolls
 e - a scroll of enchant armour {unknown}
 g - 2 scrolls of acquirement {unknown}
 n - a scroll of blinking {unknown}
Potions
 f - a potion of magic
 k - a potion of mutation {unknown}
 m - a potion of curing {unknown}


   Skills:
 * Level 1.4 Fighting
 * Level 1.4 Armour
 - Level 2.0 Dodging
 - Level 2.4 Stealth
 * Level 2.7 Spellcasting
 * Level 3.9 Conjurations


You had 5 spell levels left.
You knew the following spells:

 Your Spells              Type           Power      Damage    Failure   Level
a - Searing Ray           Conj           34%        2d5       4%          2
c - Magic Dart            Conj           68%        1d6       3%          1

Your spell library contained the following spells:

 Spells                   Type           Power      Damage    Failure   Level
 Beastly Appendage        Tmut           4%         N/A       16%         1
 Dazzling Flash           Conj/Hex       20%        N/A       22%         3
 Wereblood                Tmut           2%         N/A       24%         2
 Spider Form              Tmut/Pois      2%         N/A       43%         3
 Fulminant Prism          Conj/Hex       5%         3d7       56%         4
 Iskenderun's Mystic Bla  Conj/Tloc      10%        2d4       56%         4
 Summon Forest            Summ/Tloc      1%         N/A       99%         5
 Eringya's Noxious Bog    Tmut/Pois      1%         N/A       100%        6
 Summon Hydra             Summ           1%         N/A       100%        7


Dungeon Overview and Level Annotations

Branches:
Dungeon (2/15)

Altars:


Innate Abilities, Weirdness & Mutations

You cannot be hasted, slowed, berserked, paralysed or teleported.
You can dig through walls and to a lower floor.
You have a pair of large antennae on your head. (SInv)
Your four strong arms can wield two-handed weapons with a shield.


Message History

The goblin hits you with a +0 club. What are your orders? t - Shout!
Orders for allies: a - Attack new target. r - Retreat! s - Stop attacking. g - Guard the area. f - Follow me.
Anything else - Cancel.
You shout for attention!
The bat barely misses you. The goblin misses you.
What are your orders? t - Shout!
Orders for allies: a - Attack new target. r - Retreat! s - Stop attacking. g - Guard the area. f - Follow me.
Anything else - Cancel.
You shout for attention!
The bat closely misses you. The bat misses you. The bat barely misses you.
The goblin hits you but does no damage. What are your orders? t - Shout!
Orders for allies: a - Attack new target. r - Retreat! s - Stop attacking. g - Guard the area. f - Follow me.
Anything else - Cancel.
You shout for attention!
The bat hits you but does no damage. The goblin hits you with a +0 club.
What are your orders? t - Shout!
Orders for allies: a - Attack new target. r - Retreat! s - Stop attacking. g - Guard the area. f - Follow me.
Anything else - Cancel.
You shout for attention!
The bat misses you. The goblin hits you with a +0 club.
You die...

## .# #.# ..##
...#####...##.#
......b.......#
#@g.# #....#.#
#...#### # #..#
#.


You could see a goblin and a bat.

Vanquished Creatures
  An adder (D:2)
  2 dart slugs (D:1)
  2 endoplasms (D:1)
  A giant cockroach (D:2)
  2 goblins (D:1)
  5 hobgoblins
  4 jackals (D:1)
  4 kobolds
  3 ball pythons (D:1)
  3 bats
  2 frilled lizards
  2 rats
31 creatures vanquished.

Notes
Turn   | Place    | Note
-------+----------+-------------------------------------------
     0 | D:1      | DildoBatman the Formicid Conjurer began the quest for the
                  | Orb.
     0 | D:1      | Reached XP level 1. HP: 13/13 MP: 3/3
   261 | D:1      | Reached XP level 2. HP: 20/20 MP: 0/5
   280 | D:1      | Learned a level 2 spell: Searing Ray
   446 | D:1      | Reached skill level 1 in Fighting
   446 | D:1      | Reached skill level 1 in Armour
   446 | D:1      | Reached XP level 3. HP: 25/26 MP: 3/6
   992 | D:2      | Found a faded altar of an unknown god.
  1098 | D:2      | Reached XP level 4. HP: 32/32 MP: 5/8
  1100 | D:2      | You fall into a shaft and drop 1 floor!
  1138 | D:3      | HP: 1/32 [goblin/+0 club (2)]
  1139 | D:3      | Slain by a goblin

Illustrated notes

Levels and vault maps discovered:
D:1:      heliophobic_arrival_battle_scene, layout_basic, fountainhead,
          grunt_decor_one_mirror
D:2:      layout_loops_cross, shapermc_ecumenical_altar_pompeii
D:3:      layout_rooms, nemelex_altar_shiori, lightli_temple_of_fire,
          yredelemnul_altar_generic, nicolae_shop_vocational

Skill      XL: |  1  2 |
---------------+-------+-----
Dodging        | 2 |  2.0
Fighting       | 1 |  1.4
Armour         | 1 |  1.4
Stealth        | |  2.4
Spellcasting   | |  2.7
Conjurations   | |  3.9

Action                   |  1- 3 |  4- 6 || total
-------------------------+-------+-------++-------
Melee: Short sword       |    27 |       ||    27
 Fire: Sling             |    27 |       ||    27
 Cast: Magic Dart        |    24 |       ||    24
       Searing Ray       |     3 |       ||     3
 Abil: Shaft Self        |       |     1 ||     1
Armor: Robe              |    15 |    25 ||    40
Dodge: Dodged            |    26 |    33 ||    59
